[Event "Titled Tuesday Blitz June 21 Early 2022"]
[White "Kozlov, Oleg"]
[Black "Begunov, Konstantin"]
[WhiteFideId "4104544"]
[BlackFideId "4118510"]
[WhiteElo "2132"]
[BlackElo "2262"]
[Result "0-1"]
[Round "03"]
[TimeControl "180+1"]
[Date "2022.06.22"]
[WhiteClock "0:01:09"]
[BlackClock "0:00:13"]

1. d4 d5 2. c4 c6 3. Nf3 Nf6 4. g3 Bg4 5. Bg2 e6 6. Qb3 Qb6 7. c5 Qa6 8. Nc3 b6 9. cxb6 axb6 10. O-O Bd6 11. Re1 O-O 12. e4 dxe4 13. Nxe4 Be7 14. Ne5 Bf5 15. Nxf6+ Bxf6 16. Nxc6 Nxc6 17. Bxc6 Rac8 18. d5 exd5 19. Bxd5 Qa5 20. Bf4 Bc2 21. Qf3 Bxb2 22. Bd6 Bxa1 23. Rxa1 Qc3 24. Qxc3 Rxc3 25. Bxf8 Kxf8 26. Rc1 Rc5 27. Bf3 Ke7 28. Be2 Kd6 29. Kf1 Be4 30. Rd1+ Rd5 31. Rd2 Rxd2 0-1


[Site "https://www.chess.com"]

[Event "Titled Tuesday Blitz June 21 Early 2022"]
[White "Krishnakumar, Sriram"]
[Black "Domingo Nunez, Ruben"]
[WhiteFideId "30915856"]
[BlackFideId "22245570"]
[WhiteElo "2389"]
[BlackElo "2376"]
[Result "0-1"]
[Round "03"]
[TimeControl "180+1"]
[Date "2022.06.22"]
[WhiteClock "0:00:06"]
[BlackClock "0:00:08"]

1. e4 g6 2. d4 Bg7 3. Nc3 c6 4. f4 d5 5. e5 f6 6. Nf3 Nh6 7. h3 fxe5 8. fxe5 O-O 9. Bg5 Nf7 10. Bh4 Bh6 11. Bd3 c5 12. Qe2 c4 13. Bxc4 dxc4 14. Qxc4 Nc6 15. Rd1 Bf5 16. Ne2 Rc8 17. Qb3 Qb6 18. Qxb6 axb6 19. c3 Bc2 20. Ra1 b5 21. e6 Nd6 22. d5 g5 23. Nxg5 Ne5 24. Nd4 Ng6 25. Nxc2 Nxh4 26. Nf3 Nxg2+ 27. Ke2 Nf4+ 28. Ke1 Nxd5 29. Rg1+ Kh8 30. Ncd4 Nc4 31. b3 Nce3 32. Rc1 Ng2+ 33. Rxg2 Bxc1 34. Ne5 Bf4 35. Nf7+ Rxf7 36. exf7 Rf8 37. Ne6 Rxf7 38. Ke2 Be5 39. Kd3 Nf4+ 40. Nxf4 Rxf4 41. c4 bxc4+ 42. bxc4 Bd6 43. Rg5 h6 44. Rb5 Rf3+ 45. Ke4 Rxh3 46. Rxb7 Ra3 47. Rb2 Kg7 48. Kd5 Ra5+ 49. Ke4 h5 50. Rg2+ Kf7 51. Kd4 h4 52. Rg4 Rh5 53. Rg1 Bc5+ 54. Ke4 Bxg1 55. Kf4 h3 56. Kg4 Rh8 57. Kg3 h2 58. Kg2 h1=Q+ 59. Kf1 Qh2 60. Ke1 Be3 61. Kd1 Qd2# 0-1


[Site "https://www.chess.com"]

[Event "Titled Tuesday Blitz June 21 Early 2022"]
[White "Krishnan, Varun"]
[Black "Adewumi, Tanitoluwa"]
[WhiteFideId "5054508"]
[BlackFideId "30966396"]
[WhiteElo "2588"]
[BlackElo "2541"]
[Result "1/2-1/2"]
[Round "03"]
[TimeControl "180+1"]
[Date "2022.06.22"]
[WhiteClock "0:00:21"]
[BlackClock "0:00:13"]

1. e4 c5 2. Nf3 e6 3. d4 cxd4 4. Nxd4 Nc6 5. Nc3 Qc7 6. Be2 a6 7. O-O Nf6 8. Be3 Be7 9. Kh1 d6 10. f4 O-O 11. Qe1 Nxd4 12. Bxd4 b5 13. a3 Bb7 14. Qg3 Rad8 15. Bd3 h6 16. Rae1 d5 17. exd5 Bxd5 18. Nxd5 Rxd5 19. Be5 Qb6 20. f5 Rxe5 21. Qxe5 Bd6 22. Qe2 e5 23. Qe3 Qc7 24. Be4 Re8 25. Rd1 Bc5 26. Qf3 Bd4 27. c3 Bc5 28. Rd2 a5 29. Rfd1 b4 30. cxb4 axb4 31. Rc2 Qb6 32. Rdc1 Bd4 33. Rc6 Qa5 34. Rc8 bxa3 35. Rxe8+ Nxe8 36. Qxa3 Qd2 37. Rb1 Qe2 38. Bf3 Qc2 39. Rd1 Nf6 40. Qa8+ Kh7 41. b4 e4 42. h3 exf3 43. Qxf3 Be5 44. b5 Qb2 45. b6 Qxb6 46. Re1 Bc7 47. Rf1 Qd6 48. g3 Qxg3 49. Qxg3 Bxg3 50. Kg2 Bh4 51. Rd1 Bg5 52. Kf3 h5 53. Rf1 h4 54. Rg1 Kh6 55. Rf1 g6 56. fxg6 fxg6 57. Rd1 Kg7 58. Rd6 Ne8 59. Ra6 Be7 60. Re6 Kf7 61. Re1 Ng7 62. Kg4 Nf5 63. Rf1 Kg7 64. Rxf5 gxf5+ 65. Kxf5 Kf7 66. Kg4 Ke6 67. Kf3 Kd5 68. Kg2 Ke4 69. Kh1 Ke3 70. Kg1 Ke2 71. Kh1 Kf1 72. Kh2 Bd6+ 73. Kh1 Bc5 74. Kh2 Kf2 75. Kh1 Kf3 76. Kh2 Be3 77. Kh1 Bf4 78. Kg1 Bg3 79. Kh1 Ke2 80. Kg1 Kd2 81. Kh1 Ke1 82. Kg1 Ke2 83. Kh1 Bf4 84. Kg1 Kf3 85. Kh1 Kg3 86. Kg1 Be3+ 87. Kh1 Bc5 1/2-1/2


[Site "https://www.chess.com"]

[Event "Titled Tuesday Blitz June 21 Early 2022"]
[White "Kucuksari, Kaan"]
[Black "Garagulya, Konstantin"]
[WhiteFideId "6380166"]
[BlackFideId "4128931"]
[WhiteElo "2305"]
[BlackElo "2329"]
[Result "1-0"]
[Round "03"]
[TimeControl "180+1"]
[Date "2022.06.22"]
[WhiteClock "0:00:33"]
[BlackClock "0:00:01"]

1. d4 Nf6 2. c4 e6 3. g3 d5 4. Nf3 Bb4+ 5. Bd2 a5 6. Bg2 dxc4 7. Qc2 b5 8. a4 c6 9. O-O Bb7 10. axb5 cxb5 11. Na3 Qb6 12. Ne5 Bxg2 13. Kxg2 O-O 14. Bg5 Nbd7 15. Nf3 h6 16. Bf4 Nd5 17. Bd2 Rac8 18. e4 N5f6 19. Bc3 Qb7 20. Rfe1 Rfd8 21. d5 exd5 22. e5 Ne4 23. e6 fxe6 24. Nd4 Nf8 25. f3 Nxc3 26. bxc3 Bxa3 27. Rxa3 b4 28. Rxa5 b3 29. Qb2 Re8 30. f4 Qc7 31. Ra6 e5 32. Nf5 exf4 33. Rxe8 Rxe8 34. Qf2 Qe5 35. Qxf4 Qxf4 36. gxf4 Rb8 37. Ra1 Ng6 38. Kg3 b2 39. Rb1 Kf7 40. Ne3 Ne7 41. Nd1 Rb3 42. Rxb2 Nf5+ 43. Kf3 Rxb2 44. Nxb2 d4 45. cxd4 c3 46. Nd3 Nxd4+ 47. Ke4 Nb3 48. Nb4 Kg6 49. Kd3 Kf5 50. Nd5 Nc5+ 51. Kxc3 Ke4 52. Kc4 Ne6 53. f5 Kxf5 54. Ne3+ Kf6 55. Nc2 Nf4 56. Ne3 Kg5 57. Kd4 g6 58. Ke4 Nh5 59. Kf3 Nf6 60. Kg3 Ne4+ 61. Kf3 Nf6 62. Kg3 Nh5+ 63. Kf3 Kf6 64. Ng4+ Kg7 65. Ne3 Nf6 66. Kf4 g5+ 67. Kf5 Nh5 68. Nd5 Kh7 69. Kg4 Ng7 70. Ne7 Ne6 71. Nd5 Kg7 72. Kf5 Nd4+ 73. Ke4 Nc6 74. Ne3 Kg6 75. Kd5 Ne7+ 76. Ke6 Ng8 77. Ng4 h5 78. Ne5+ Kg7 79. Kf5 1-0


[Site "https://www.chess.com"]

[Event "Titled Tuesday Blitz June 21 Early 2022"]
[White "Kvaloy, Aksel Bu"]
[Black "Sankalan Shah"]
[WhiteFideId "1528815"]
[BlackFideId "25600362"]
[WhiteElo "2006"]
[BlackElo "1648"]
[Result "1-0"]
[Round "03"]
[TimeControl "180+1"]
[Date "2022.06.22"]
[WhiteClock "0:02:36"]
[BlackClock "0:01:52"]

1. e4 e5 2. Nf3 Nc6 3. Bb5 Nf6 4. d3 Bc5 5. Bxc6 dxc6 6. O-O Bd6 7. c3 O-O 8. d4 Bg4 9. dxe5 Bxf3 10. gxf3 Bxe5 11. Qxd8 Rfxd8 12. f4 Nxe4 13. fxe5 1-0


[Site "https://www.chess.com"]

[Event "Titled Tuesday Blitz June 21 Early 2022"]
[White "Kvon, Andrey"]
[Black "Krallis, Christos"]
[WhiteFideId "14201356"]
[BlackFideId "4298896"]
[WhiteElo "2458"]
[BlackElo "2234"]
[Result "1-0"]
[Round "03"]
[TimeControl "180+1"]
[Date "2022.06.22"]
[WhiteClock "0:01:44"]
[BlackClock "0:00:21"]

1. d4 Nf6 2. Nc3 d5 3. Bf4 e6 4. e3 Bb4 5. Ne2 O-O 6. a3 Be7 7. Nb5 Na6 8. Ng3 c6 9. Nc3 c5 10. Bd3 b6 11. Nh5 g6 12. Ng3 Bb7 13. h4 c4 14. Be2 h5 15. Be5 Nc7 16. Rh3 Nd7 17. Bxh5 gxh5 18. Qxh5 Nxe5 19. dxe5 Bxh4 20. Rxh4 1-0


[Site "https://www.chess.com"]

[Event "Titled Tuesday Blitz June 21 Early 2022"]
[White "Ladan, Nicholas"]
[Black "Sovetbekova, Nurai"]
[WhiteFideId "30918855"]
[BlackFideId "13801910"]
[WhiteElo "2167"]
[BlackElo "1646"]
[Result "1-0"]
[Round "03"]
[TimeControl "180+1"]
[Date "2022.06.22"]
[WhiteClock "0:01:06"]
[BlackClock "0:00:04"]

1. d4 Nf6 2. Nf3 g6 3. Nc3 d5 4. Bf4 Bg7 5. h4 O-O 6. e3 c5 7. h5 Nxh5 8. Rxh5 gxh5 9. Ne5 cxd4 10. exd4 Nc6 11. Qxh5 Nxd4 12. O-O-O Nf5 13. Bd3 e6 14. g4 Qh4 15. Rh1 Qxh5 16. Rxh5 f6 17. Nf3 e5 18. gxf5 exf4 19. Nxd5 Kf7 20. Bc4 b5 21. Bb3 Ke8 22. Nc7+ Kd7 23. Nxa8 Bb7 24. Rxh7 Bxa8 25. Rxg7+ Kc6 26. Nd4+ 1-0


[Site "https://www.chess.com"]

[Event "Titled Tuesday Blitz June 21 Early 2022"]
[White "Lauridsen, Jesper Morch"]
[Black "Ferreira, Vitor Hugo Vieira"]
[WhiteFideId "1401890"]
[BlackFideId "2119765"]
[WhiteElo "2214"]
[BlackElo "2165"]
[Result "0-1"]
[Round "03"]
[TimeControl "180+1"]
[Date "2022.06.22"]
[WhiteClock "0:01:14"]
[BlackClock "0:01:32"]

1. e4 c5 2. c3 d5 3. exd5 Qxd5 4. Nf3 Nf6 5. d4 Nc6 6. dxc5 Qxd1+ 7. Kxd1 Ne4 8. Be3 e5 9. b4 Bg4 10. Kc2 O-O-O 11. Bc4 f6 12. h3 Bf5 13. Kb2 a5 14. a3 Be7 15. Nbd2 Nxd2 16. Nxd2 e4 17. Rhd1 Ne5 18. g4 Rxd2+ 19. Bxd2 Nxc4+ 20. Kb3 Be6 21. Ka4 Nb2+ 22. Kxa5 Bd8+ 23. Kb5 Bc4# 0-1


[Site "https://www.chess.com"]

[Event "Titled Tuesday Blitz June 21 Early 2022"]
[White "Lazavik, Denis"]
[Black "Matinian, Nikita"]
[WhiteFideId "13515110"]
[BlackFideId "24129100"]
[WhiteElo "2437"]
[BlackElo "2422"]
[Result "1-0"]
[Round "03"]
[TimeControl "180+1"]
[Date "2022.06.21"]
[WhiteClock "0:00:35"]
[BlackClock "0:00:14"]

1. d4 Nf6 2. c4 g6 3. Nf3 Bg7 4. g3 O-O 5. Bg2 d6 6. Nc3 Nc6 7. O-O e5 8. dxe5 dxe5 9. Bg5 h6 10. Qxd8 Rxd8 11. Bxf6 Bxf6 12. Nd5 Kg7 13. Nxc7 Rb8 14. e4 Be6 15. Nd5 Rbc8 16. Rfd1 Bg4 17. Rd3 Bxf3 18. Bxf3 Nd4 19. b3 Bg5 20. h4 Bf6 21. h5 g5 22. Bg4 Rc6 23. Rad1 a5 24. Kg2 a4 25. Ne3 axb3 26. axb3 Ra8 27. Nf5+ Kh7 28. Nxd4 exd4 29. f4 Ra2+ 30. Kf3 gxf4 31. gxf4 Rb2 32. e5 Bh4 33. R1d2 Rxd2 34. Rxd2 Rb6 35. Rd3 Kg7 36. Bf5 Be1 37. Rxd4 Rxb3+ 38. Ke4 Rc3 39. Kd5 Bf2 40. Rd1 Be3 41. Rf1 b6 42. Be4 Rc1 43. Rf3 Rd1+ 44. Kc6 Bc5 45. f5 Kf8 46. Bd5 Re1 47. e6 Rh1 48. exf7 Rxh5 49. Be6 Rh4 50. Rg3 Ke7 51. Rg8 Kf6 52. f8=Q+ Bxf8 53. Rxf8+ Ke5 54. Kxb6 1-0


[Site "https://www.chess.com"]

[Event "Titled Tuesday Blitz June 21 Early 2022"]
[White "Leve, Nitai"]
[Black "Suder, Jakub"]
[WhiteFideId "2006898"]
[BlackFideId "1195310"]
[WhiteElo "2144"]
[BlackElo "2058"]
[Result "1-0"]
[Round "03"]
[TimeControl "180+1"]
[Date "2022.06.22"]
[WhiteClock "0:00:06"]
[BlackClock "0:01:41"]

1. d4 d5 2. c4 dxc4 3. Nc3 e5 4. dxe5 Qxd1+ 5. Nxd1 Nc6 6. f4 Be6 7. Nf3 O-O-O 8. e4 Bb4+ 9. Bd2 g6 10. Rc1 b5 11. Be2 f6 12. Bxb4 Nxb4 13. O-O Nd3 14. Bxd3 Rxd3 15. Nf2 Rd8 16. Rfd1 fxe5 17. Rxd8+ Kxd8 18. Rd1+ Kc8 19. Nxe5 Nf6 20. Nc6 a6 21. e5 Nh5 22. g3 Re8 23. Ne4 Kb7 24. Rd8 Bd7 25. Na5+ Kb6 26. Rxd7 Kxa5 27. Rxc7 Rd8 28. e6 Kb6 29. Rxh7 Kc6 30. e7 Re8 31. g4 Nxf4 32. Nf6 Ne2+ 33. Kf2 Rxe7 34. Rxe7 Nc1 35. Re6+ Kb7 36. Nd5 Nxa2 37. Rxg6 b4 38. g5 a5 39. Rf6 c3 40. bxc3 b3 41. Rb6+ Ka7 42. Rxb3 a4 43. Ra3 Nxc3 44. Rxc3 Ka6 45. g6 Kb5 46. g7 1-0


[Site "https://www.chess.com"]

[Event "Titled Tuesday Blitz June 21 Early 2022"]
[White "Livaic, Leon"]
[Black "Rohith Krishna S"]
[WhiteFideId "14531534"]
[BlackFideId "46617051"]
[WhiteElo "2540"]
[BlackElo "2117"]
[Result "1/2-1/2"]
[Round "03"]
[TimeControl "180+1"]
[Date "2022.06.21"]
[WhiteClock "0:00:02"]
[BlackClock "0:00:45"]

1. d4 Nf6 2. Bg5 Ne4 3. Bf4 d5 4. Nd2 Nxd2 5. Qxd2 e6 6. e3 c5 7. Nf3 Nc6 8. c3 Be7 9. Bd3 h6 10. h4 b6 11. h5 Bd7 12. a3 a5 13. a4 Qc8 14. Bb5 Nb8 15. Ne5 Bxb5 16. axb5 Bf6 17. Qc2 Bxe5 18. Bxe5 O-O 19. Rh3 Nd7 20. Bd6 Re8 21. g4 e5 22. g5 Re6 23. Bxe5 Nxe5 24. dxe5 Rxe5 25. Rh2 Rxg5 26. O-O-O a4 27. f4 Rg3 28. Rg2 Qh3 29. Rdg1 Rxg2 30. Qxg2 Qxe3+ 31. Kd1 Qd3+ 32. Kc1 Qh7 33. f5 Rd8 34. f6 g5 35. hxg6 fxg6 36. Qxg6+ Qxg6 37. Rxg6+ Kf7 38. Rxh6 Rd6 39. Rh4 d4 40. Rh7+ Kxf6 41. Ra7 d3 42. Kd2 Ke5 43. Rxa4 Rd7 44. Rh4 Rd8 45. b3 Rd6 46. Rh3 Ke4 47. Re3+ Kf4 48. Rxd3 Rh6 49. c4 Ke4 50. Kc3 Rg6 51. Rd8 Rg3+ 52. Kb2 Rg2+ 53. Ka3 Rg6 54. Rc8 Kd4 55. Rh8 Rg3 56. Rh1 Kc3 57. Rc1+ Kd2 58. Kb2 Rxb3+ 59. Kxb3 Kxc1 60. Kc3 Kb1 61. Kb3 Kc1 62. Kc3 Kb1 63. Kb3 Ka1 64. Ka3 Kb1 65. Kb3 1/2-1/2


[Site "https://www.chess.com"]

[Event "Titled Tuesday Blitz June 21 Early 2022"]
[White "Ljukin, Sergei"]
[Black "Prokofiev, Valentyn"]
[WhiteFideId "14102200"]
[BlackFideId "14160161"]
[WhiteElo "2312"]
[BlackElo "2142"]
[Result "0-1"]
[Round "03"]
[TimeControl "180+1"]
[Date "2022.06.22"]
[WhiteClock "0:01:03"]
[BlackClock "0:01:02"]

1. e4 e5 2. Nf3 Nc6 3. Bb5 a6 4. Ba4 Nf6 5. Qe2 b5 6. Bb3 Bc5 7. c3 O-O 8. d3 d6 9. Bg5 h6 10. Bh4 Be6 11. Bd5 Bxd5 12. exd5 Nb8 13. Nbd2 Nbd7 14. c4 Qb8 15. O-O-O Qb6 16. Ne4 Nxe4 17. dxe4 bxc4 18. Qxc4 Bxf2 19. Bxf2 Qxf2 20. Rd2 Qc5 21. Rc2 Qxc4 22. Rxc4 Rfc8 23. Kb1 a5 24. Rhc1 Nc5 25. Nd2 Rab8 26. R1c3 Kf8 27. Nb3 Nxb3 28. axb3 Rb7 29. Kc2 Ke7 30. Rc6 Kd7 31. Ra6 Rb4 32. Rc4 Rb5 33. Ra7 g6 34. g4 f5 35. gxf5 gxf5 36. exf5 Rxd5 37. f6 Ke6 38. Rcxc7 Rxc7+ 39. Rxc7 Rc5+ 40. Rxc5 dxc5 0-1


[Site "https://www.chess.com"]

[Event "Titled Tuesday Blitz June 21 Early 2022"]
[White "Lorente Serrano, Rosa Adela"]
[Black "Veiga, Jose Francisco R P Neves"]
[WhiteFideId "32091982"]
[BlackFideId "1930087"]
[WhiteElo "1820"]
[BlackElo "2326"]
[Result "0-1"]
[Round "03"]
[TimeControl "180+1"]
[Date "2022.06.22"]
[WhiteClock "0:00:08"]
[BlackClock "0:00:27"]

1. b3 a5 2. a4 Nc6 3. Bb2 Nf6 4. Nf3 e6 5. g3 Be7 6. Bg2 O-O 7. O-O d6 8. Re1 e5 9. e4 Nd7 10. d4 exd4 11. Nxd4 Nxd4 12. Bxd4 Bf6 13. Nc3 Ne5 14. h3 Be6 15. Qd2 h5 16. Rad1 h4 17. g4 Nc6 18. Bxf6 Qxf6 19. f4 Qh6 20. g5 Qh5 21. f5 Bd7 22. Nd5 Rac8 23. Qf4 Rfe8 24. Bf3 Qh8 25. Rd2 Ne5 26. Rg2 Bc6 27. Nf6+ Kf8 28. Nh5 Bxe4 29. Rxe4 Nxf3+ 30. Qxf3 Rxe4 31. Nf6 Re1+ 32. Kf2 gxf6 33. Kxe1 fxg5 34. Rxg5 Qe5+ 35. Kf2 Re8 36. Rh5 Qe1+ 37. Kg2 Re2+ 0-1


[Site "https://www.chess.com"]

[Event "Titled Tuesday Blitz June 21 Early 2022"]
[White "Lorne, Ras Malaku"]
[Black "Kretchetov, Alexandre"]
[WhiteFideId "7400330"]
[BlackFideId "4124588"]
[WhiteElo "2199"]
[BlackElo "2464"]
[Result "1/2-1/2"]
[Round "03"]
[TimeControl "180+1"]
[Date "2022.06.22"]
[WhiteClock "0:00:18"]
[BlackClock "0:00:09"]

1. d4 Nf6 2. Bg5 e6 3. Nf3 d5 4. e3 Be7 5. c4 Nbd7 6. Nc3 c6 7. Bd3 O-O 8. O-O h6 9. Bh4 dxc4 10. Bxc4 b5 11. Bb3 a6 12. Rc1 Bb7 13. e4 c5 14. d5 c4 15. dxe6 fxe6 16. Bc2 Nc5 17. Qe2 Qe8 18. a3 Nfd7 19. Bg3 Qf7 20. Rcd1 Rac8 21. Bd6 Bxd6 22. Rxd6 Qe7 23. Rfd1 Nf6 24. Ne5 Rfd8 25. Ng6 Qe8 26. e5 Nd5 27. Nxd5 Bxd5 28. Rxd8 Rxd8 29. Nf4 Bb7 30. h3 Qe7 31. Qg4 Rd7 32. Rxd7 Nxd7 33. Ng6 Qf7 34. f4 Nf8 35. Nxf8 Kxf8 36. g3 Qe7 37. Qd1 Qc5+ 38. Kf1 Ke7 39. Qg4 Qc6 40. Qxg7+ Kd8 41. Qf8+ Kc7 42. Qd6+ Qxd6 43. exd6+ Kxd6 44. Kf2 e5 45. Ke3 exf4+ 46. Kxf4 a5 47. g4 b4 48. axb4 axb4 49. h4 Kc5 50. g5 hxg5+ 51. hxg5 Bd5 52. Ke5 Bg8 53. g6 b3 54. Bb1 Kb4 55. Kd4 Be6 56. g7 Bg8 57. Bg6 Kb5 58. Be8+ Kb4 59. Bg6 Kb5 60. Bb1 Kb4 61. Bg6 1/2-1/2


[Site "https://www.chess.com"]

[Event "Titled Tuesday Blitz June 21 Early 2022"]
[White "Lucas, Arthur"]
[Black "Agasarov, Benik"]
[WhiteFideId "26093073"]
[BlackFideId "13314823"]
[WhiteElo "2129"]
[BlackElo "2643"]
[Result "1/2-1/2"]
[Round "03"]
[TimeControl "180+1"]
[Date "2022.06.22"]
[WhiteClock "0:00:05"]
[BlackClock "0:00:06"]

1. e4 c5 2. Nc3 d6 3. d4 cxd4 4. Qxd4 Nc6 5. Qd2 g6 6. b3 Bh6 7. f4 f5 8. Bb2 Nf6 9. O-O-O fxe4 10. h3 O-O 11. Bc4+ e6 12. Kb1 d5 13. Be2 Nh5 14. Bxh5 gxh5 15. Nge2 Bg7 16. g4 h4 17. Rhg1 b5 18. f5 b4 19. Na4 Bxb2 20. Nxb2 Ba6 21. Nf4 Qg5 22. Nxe6 Qxd2 23. Rxd2 d4 24. Nxf8 Rxf8 25. Re1 Re8 26. Nd3 e3 27. Rdd1 Bxd3 28. Rxd3 Re4 29. a3 Ne5 30. Rdd1 Nf3 31. Re2 bxa3 32. Ka2 Ng5 33. Rh1 Rf4 34. Kxa3 Ne4 35. Kb4 Ng3 36. Rhe1 Rf2 37. Rxe3 dxe3 38. Rxe3 Rxc2 39. Re7 Ra2 40. f6 Rf2 41. g5 Rf4+ 42. Ka3 Ne4 43. Rg7+ Kf8 44. Rxh7 Nxg5 45. Rxa7 Nxh3 46. Rh7 Ng5 47. Rh5 Nf7 48. b4 Nd6 49. b5 Nc4+ 50. Kb4 Nb6+ 51. Ka5 Nd7 52. b6 Nxb6 53. Kxb6 Rxf6+ 54. Kc5 Rf4 55. Kd5 Kf7 56. Ke5 Ra4 57. Rh7+ Kg6 58. Rh8 Kg5 59. Rg8+ Kh5 60. Kf5 Ra5+ 61. Kf4 Ra6 62. Rh8+ Kg6 63. Rxh4 Ra4+ 64. Kg3 Ra3+ 65. Kg2 Kg5 66. Rd4 Kf5 67. Kf2 Ra2+ 68. Ke3 Ra3+ 69. Rd3 Ra4 70. Kd2 Ke4 71. Rh3 Ra2+ 72. Kc1 Ra1+ 73. Kb2 Rf1 74. Rh4+ Ke3 1/2-1/2


[Site "https://www.chess.com"]

[Event "Titled Tuesday Blitz June 21 Early 2022"]
[White "Mahdavi, Reza"]
[Black "Lashkin, Jegor"]
[WhiteFideId "12595926"]
[BlackFideId "13907808"]
[WhiteElo "2265"]
[BlackElo "2368"]
[Result "1-0"]
[Round "03"]
[TimeControl "180+1"]
[Date "2022.06.21"]
[WhiteClock "0:00:52"]
[BlackClock "0:00:02"]

1. e4 c5 2. Nf3 d6 3. Bb5+ Nd7 4. c3 Nf6 5. Qe2 a6 6. Ba4 b5 7. Bc2 Bb7 8. d4 g6 9. O-O Bg7 10. Re1 O-O 11. e5 Nd5 12. e6 fxe6 13. Qxe6+ Kh8 14. Ng5 Qe8 15. Qh3 N7f6 16. Ne6 Bc8 17. Nxg7 Kxg7 18. Bh6+ Kg8 19. Qh4 Rf7 20. Nd2 Ng4 21. Nf3 Nxh6 22. Qxh6 Nf6 23. Bxg6 hxg6 24. Qxg6+ Rg7 25. Qxf6 Bh3 26. Qf4 Bxg2 27. Ng5 Qh5 28. h4 Rf8 29. Qg3 Bd5 30. Re3 Rf5 31. f4 cxd4 32. cxd4 e5 33. dxe5 dxe5 34. Rae1 Re7 35. Rxe5 Rexe5 36. fxe5 Kh8 37. e6 Bxe6 38. Nxe6 Qh6 39. Qc3+ Kg8 40. Qc8+ 1-0


[Site "https://www.chess.com"]

[Event "Titled Tuesday Blitz June 21 Early 2022"]
[White "Mahitosh, Dey"]
[Black "Priyanka Nutakki"]
[WhiteFideId "25091468"]
[BlackFideId "25049615"]
[WhiteElo "1624"]
[BlackElo "1912"]
[Result "1-0"]
[Round "03"]
[TimeControl "180+1"]
[Date "2022.06.22"]
[WhiteClock "0:01:19"]
[BlackClock "0:01:20"]

1. d4 d5 2. Nf3 Nf6 3. c3 e6 4. Bf4 Bd6 5. e3 O-O 6. Bd3 c5 7. Ne5 Qc7 8. Nd2 Nc6 9. Ndf3 b6 10. O-O Bb7 11. Nxc6 Bxc6 12. Bxd6 Qxd6 13. Ne5 Bb7 14. g4 Rad8 15. g5 Nd7 16. f4 Qe7 17. Bxh7+ Kxh7 18. Qh5+ Kg8 19. Rf3 Nxe5 20. dxe5 f6 21. g6 1-0


[Site "https://www.chess.com"]

[Event "Titled Tuesday Blitz June 21 Early 2022"]
[White "Maiorov, Nikita"]
[Black "Fedoseev, Vladimir"]
[WhiteFideId "13501720"]
[BlackFideId "24130737"]
[WhiteElo "2417"]
[BlackElo "2726"]
[Result "0-1"]
[Round "03"]
[TimeControl "180+1"]
[Date "2022.06.22"]
[WhiteClock "0:00:07"]
[BlackClock "0:00:24"]

1. d4 Nf6 2. c4 g6 3. g3 Bg7 4. Bg2 O-O 5. Nc3 c5 6. d5 e6 7. Nf3 exd5 8. cxd5 d6 9. O-O Re8 10. Re1 Ne4 11. Nxe4 Rxe4 12. Qc2 Bf5 13. Bh3 Re5 14. Bxf5 Rxf5 15. Qd1 Nd7 16. e4 Rh5 17. Bf4 Qf6 18. Kg2 g5 19. e5 Qg6 20. e6 gxf4 21. exd7 Be5 22. g4 Qxg4+ 23. Kh1 Qxd7 24. Rg1+ Kh8 25. Ng5 Rh6 26. Qf3 Rg8 27. Rg2 Rgg6 28. Rag1 Kg7 29. b3 Kf8 30. Ne4 Rh3 31. Qd1 f3 0-1


[Site "https://www.chess.com"]

[Event "Titled Tuesday Blitz June 21 Early 2022"]
[White "Makarian, Rudik"]
[Black "Svane, Rasmus"]
[WhiteFideId "44105681"]
[BlackFideId "4657101"]
[WhiteElo "2398"]
[BlackElo "2674"]
[Result "1-0"]
[Round "03"]
[TimeControl "180+1"]
[Date "2022.06.21"]
[WhiteClock "0:00:36"]
[BlackClock "0:00:04"]

1. d3 d5 2. f4 g6 3. Nf3 Bg7 4. g3 Nd7 5. Bg2 e5 6. Nc3 Ne7 7. O-O d4 8. Ne4 exf4 9. Bxf4 Nd5 10. Bg5 f6 11. Bd2 O-O 12. c4 dxc3 13. bxc3 f5 14. Qb3 c6 15. Neg5 Qb6+ 16. d4 Re8 17. Rfe1 h6 18. Nh3 g5 19. Nf2 Nf6 20. Ne5 Be6 21. Rab1 Qxb3 22. axb3 Nd7 23. Nxd7 Bxd7 24. e4 fxe4 25. Nxe4 b6 26. Nd6 Rxe1+ 27. Rxe1 a5 28. Nc4 Rb8 29. Ne5 Be8 30. c4 Nb4 31. Bxb4 axb4 32. Bxc6 Bxe5 33. Bd5+ Kf8 34. Rxe5 Bg6 35. Re6 Bc2 36. c5 bxc5 37. dxc5 Rd8 38. Bc4 Rc8 39. Rxh6 Rxc5 40. Rb6 Ke7 41. Rxb4 Kf6 42. Kf2 Ke5 43. Ke3 g4 44. Rb8 Bf5 45. Re8+ Kf6 46. Kd4 Ra5 47. b4 Ra1 48. b5 Bd7 49. Rf8+ Ke7 50. Rf7+ Kd6 51. Rf6+ Kc7 52. b6+ Kb7 53. Bd5+ Ka6 54. b7+ Ka7 55. Rf8 Rb1 56. Ra8+ Kb6 57. b8=Q# 1-0


[Site "https://www.chess.com"]

[Event "Titled Tuesday Blitz June 21 Early 2022"]
[White "Maltsevskaya, Aleksandra"]
[Black "D`Arruda, Ricardo D."]
[WhiteFideId "24174041"]
[BlackFideId "100692"]
[WhiteElo "2243"]
[BlackElo "2502"]
[Result "0-1"]
[Round "03"]
[TimeControl "180+1"]
[Date "2022.06.22"]
[WhiteClock "0:01:02"]
[BlackClock "0:01:42"]

1. e3 d5 2. d4 Nf6 3. Nf3 c5 4. c4 e6 5. Nc3 Nc6 6. cxd5 Nxd5 7. Bd3 Be7 8. O-O O-O 9. Bd2 Nxc3 10. bxc3 b6 11. Qc2 h6 12. Rac1 Bb7 13. Rfd1 Rc8 14. Qb1 cxd4 15. cxd4 Nb8 16. e4 Qd6 17. Be3 Rxc1 18. Rxc1 Rc8 19. Rxc8+ Bxc8 20. e5 Qc7 21. h4 Ba6 22. Bxa6 Nxa6 23. Qe4 Nb4 24. Qg4 Kh8 25. Qh5 Bf8 26. g4 g6 0-1


[Site "https://www.chess.com"]

[Event "Titled Tuesday Blitz June 21 Early 2022"]
[White "Malyi, Viacheslav"]
[Black "Legenia, Artem"]
[WhiteFideId "14123983"]
[BlackFideId "14136945"]
[WhiteElo "2270"]
[BlackElo "1936"]
[Result "1-0"]
[Round "03"]
[TimeControl "180+1"]
[Date "2022.06.22"]
[WhiteClock "0:01:44"]
[BlackClock "0:01:43"]

1. e4 e5 2. Nf3 Nc6 3. Bb5 Qe7 4. Nc3 Nf6 5. O-O Nd8 6. d4 c6 7. dxe5 Ng4 8. Bd3 Nxe5 9. Nxe5 Qxe5 10. f4 Qc5+ 11. Kh1 Be7 12. e5 d5 13. exd6 Qxd6 14. f5 O-O 15. Ne4 Qb4 16. f6 gxf6 17. Qh5 f5 18. Ng5 Bxg5 19. Qxg5+ Kh8 20. Qf6+ Kg8 21. Bh6 1-0


[Site "https://www.chess.com"]

[Event "Titled Tuesday Blitz June 21 Early 2022"]
[White "Mangialardo, Tiago Carvalho"]
[Black "Wartiovaara, Oliver"]
[WhiteFideId "2130718"]
[BlackFideId "513024"]
[WhiteElo "2085"]
[BlackElo "1971"]
[Result "1-0"]
[Round "03"]
[TimeControl "180+1"]
[Date "2022.06.22"]
[WhiteClock "0:00:03"]
[BlackClock "0:00:03"]

1. e4 Nf6 2. Nc3 d5 3. exd5 Nxd5 4. Nxd5 Qxd5 5. d4 e5 6. dxe5 Qxd1+ 7. Kxd1 Nc6 8. Bf4 Bg4+ 9. Be2 O-O-O+ 10. Ke1 Bxe2 11. Nxe2 Bc5 12. Bg3 Rhe8 13. f4 Nb4 14. Kf1 Nxc2 15. Rc1 Ne3+ 16. Kg1 Bb6 17. Bf2 Rd2 18. Nc3 f6 19. Ne4 fxe5 20. Nxd2 exf4 21. Nf3 h6 22. h3 g5 23. Kh2 g4 24. Bxe3 Bxe3 25. hxg4 Bxc1 26. Rxc1 Re2 27. Rb1 c5 28. Kh3 b5 29. a3 c4 30. Nd4 Re3+ 31. Kh2 a6 32. Rf1 c3 33. bxc3 Rxc3 34. Rxf4 Rxa3 35. Rf8+ Kd7 36. Rf6 b4 37. Rb6 a5 38. Rxh6 Rd3 39. Nf3 a4 40. Rb6 b3 41. g5 a3 42. g6 a2 43. g7 a1=Q 44. g8=Q Rd6 45. Qf7+ Kc8 46. Qb7+ Kd8 47. Rxd6+ Ke8 48. Qd7+ 1-0


[Site "https://www.chess.com"]

[Event "Titled Tuesday Blitz June 21 Early 2022"]
[White "Marn, Jan"]
[Black "Pinheiro, Iung Alicio de O."]
[WhiteFideId "14619245"]
[BlackFideId "2104350"]
[WhiteElo "2105"]
[BlackElo "2283"]
[Result "0-1"]
[Round "03"]
[TimeControl "180+1"]
[Date "2022.06.22"]
[WhiteClock "0:01:10"]
[BlackClock "0:00:42"]

1. d4 Nf6 2. c4 Nc6 3. Nf3 e6 4. g3 Bb4+ 5. Bd2 a5 6. Bg2 O-O 7. O-O Bxd2 8. Qxd2 d6 9. Nc3 Qe7 10. Rfe1 e5 11. e4 Bg4 12. Nb5 Rfe8 13. d5 Nb8 14. b3 Rd8 15. a3 c6 16. Nc3 Na6 17. Qc2 Qc7 18. Nd2 h6 19. Qb2 Qb6 0-1


[Site "https://www.chess.com"]